 Dungeon Crawl Stone Soup version 0.24-a0-277-g67e6301 (webtiles) character file.

Game seed: 9286752465582905435

26572 silenth the Basher (level 12, -9/98 HPs)
             Began as a Demonspawn Fighter on Apr 28, 2019.
             Was a High Priest of Nemelex Xobeh.
             Mangled by a spark wasp (shapeshifter) (13 damage)
             ... on level 1 of the Abyss.
             The game lasted 00:32:40 (18203 turns).

silenth the Basher (Demonspawn Fighter)            Turns: 18203, Time: 00:32:40

Health: -9/98      AC: 21    Str: 25    XL:     12   Next: 99%
Magic:  18/20      EV: 16    Int: 10    God:    Nemelex Xobeh [*****.]
Gold:   659        SH:  6    Dex: 20    Spells: 10/11 levels left

rFire    . . .     SeeInvis .   a - +5 flail of the First Demons {crush, MR- Str+8 Dex+3}
rCold    + . .     Gourm    .   G - +0 buckler
rNeg     . . .     Faith    .   s - +1 ring mail {MR+}
rPois    .         Spirit   .   m - +1 hat {MR+}
rElec    .         Reflect  .   h - +0 cloak
rCorr    .         Harm     .   y - +2 pair of gloves
MR       +....                  j - +1 pair of boots
Stlth    +++++.....             z - amulet of regeneration
HPRegen  0.66/turn              f - +4 ring of protection
MPRegen  0.17/turn              o - +3 ring of protection

@: no status effects
A: antennae 2, cold resistance 1, nightstalker 2, freezing cloud immunity,
sturdy frame 1
a: Draw Escape, Draw Destruction, Draw Summoning, Triple Draw, Deal Four, Stack
Five, Renounce Religion


You were on level 1 of the Abyss.
You worshipped Nemelex Xobeh.
Nemelex Xobeh was extremely pleased with you.
You were very hungry.

You visited 3 branches of the dungeon, and saw 15 of its levels.
You visited the Abyss 1 time.

You collected 899 gold pieces.
You spent 240 gold pieces at shops.

Inventory:

Hand Weapons
 a - the +5 flail of the First Demons (weapon) {crush, MR- Str+8 Dex+3}
   (You found it on level 11 of the Dungeon)

   It inflicts extra damage upon your enemies.
   It affects your strength (+8).
   It affects your dexterity (+3).
   It affects your resistance to hostile enchantments.
Armour
 h - a +0 cloak (worn)
 j - a +1 pair of boots (worn)
 m - a +1 hat of magic resistance (worn)
 s - a +1 ring mail of magic resistance (worn)
 y - a +2 pair of gloves (worn)
 G - a +0 buckler (worn)
Jewellery
 f - a +4 ring of protection (left hand)
 n - an uncursed ring of protection from fire
 o - a +3 ring of protection (right hand)
 z - an amulet of regeneration (around neck)
 J - a +2 amulet of reflection
 M - an uncursed ring of see invisible
 O - an uncursed ring of protection from cold
Wands
 p - a wand of acid (10)
 x - a wand of enslavement (19)
 H - a wand of polymorph (7)
 R - a wand of flame (31)
 T - a wand of paralysis (3)
Scrolls
 g - a scroll of silence
 i - 5 scrolls of identify
 k - 7 scrolls of teleportation
 q - 4 scrolls of magic mapping
 r - 3 scrolls of remove curse
 w - 3 scrolls of immolation
 B - a scroll of amnesia
 D - 3 scrolls of blinking
 L - a scroll of fog
Potions
 c - 3 potions of brilliance
 d - 2 potions of might
 t - 3 potions of agility
 u - a potion of resistance
 v - 5 potions of curing
 A - 4 potions of haste
 F - 2 potions of flight
 S - a potion of cancellation
Miscellaneous
 l - a fan of gales
 P - a lamp of fire
Comestibles
 e - 16 rations


   Skills:
 + Level 10.3 Fighting
 * Level 12.6 Maces & Flails
 - Level 5.0 Armour
 + Level 6.1 Dodging
 - Level 5.0 Stealth
 - Level 4.3 Shields
 + Level 11.8 Invocations
 - Level 3.0 Evocations


You had 10 spell levels left.
You knew the following spells:

 Your Spells              Type           Power        Failure   Level  Hunger
a - Confusing Touch       Hex            #.....       41%         1    ##.....

Your spell library contained the following spells:

 Spells                   Type           Power        Failure   Level  Hunger
 Flame Tongue             Conj/Fire      #....        41%         1    ##.....
 Infusion                 Chrm           #...         41%         1    ##.....
 Summon Butterflies       Summ           #.......     41%         1    ##.....
 Shroud of Golubria       Chrm/Tloc      #.........   56%         2    ###....
 Song of Slaying          Chrm           #.......     56%         2    ###....
 Throw Flame              Conj/Fire      #.....       56%         2    ###....
 Call Canine Familiar     Summ           #.......     80%         3    ####...
 Confuse                  Hex            #.......     80%         3    ####...
 Conjure Flame            Conj/Fire      #.......     80%         3    ####...
 Gell's Gravitas          Tloc           #.........   80%         3    ####...
 Inner Flame              Hex/Fire       #.......     80%         3    ####...
 Regeneration             Chrm/Necr      #.........   80%         3    ####...
 Spectral Weapon          Hex/Chrm       #.......     80%         3    ####...
 Petrify                  Tmut/Erth      #.......     99%         4    #####..
 Sticky Flame             Conj/Fire      #.......     99%         4    #####..
 Summon Ice Beast         Ice/Summ       #.......     99%         4    #####..
 Fireball                 Conj/Fire      #.........   100%        5    ######.
 Metabolic Englaciation   Hex/Ice        #.........   100%        5    ######.
 Summon Mana Viper        Hex/Summ       #.......     100%        5    ######.
 Yara's Violent Unravell  Hex/Tmut       #.........   100%        5    ######.
 Summon Hydra             Summ           #.........   100%        7    #######


Dungeon Overview and Level Annotations

Branches:
Dungeon (11/15)            Temple (1/1) D:4            Lair (3/6) D:10
 Shoals (0/4) Lair:2          Orc (0/2) D:9
  Snake: Lair:2-4    Spider: Lair:2-4

Altars:
Ashenzari
Cheibriados
Dithmenos
Elyvilon
Fedhas
Gozag
Hepliaklqana
Kikubaaqudgha
Makhleb
Nemelex Xobeh
Okawaru
Qazlal
Ru
Sif Muna
Trog
Uskayaw
Vehumet
Wu Jian
Xom
Yredelemnul
Zin
The Shining One

Shops:
D:8 [   D:9 !**=[   D:10 %

Annotations:
D:4 exclusion: statue
Lair:3 Sonja


Innate Abilities, Weirdness & Mutations

You have a pair of antennae on your head.
Your flesh is cold resistant. (rC+)
You are significantly more attuned to the shadows.
You are immune to freezing clouds.
Your movements are slightly less encumbered by armour. (ER -2)


Message History

You have drawn the Tomb.
Walls emerge from the floor!
You block the spark wasp's attack.
A tentacled starspawn comes into view.
Evoke which item? (* to show all) (? for menu, Esc to quit)
Aiming: Paralyse
Press: ? - help, Shift-Dir - straight line, f - spark wasp
Aim: a spark wasp (heavily wounded, chance to defeat MR: 37%)
Okay, then.
Okay, then.
Evoke which item? (* to show all) (? for menu, Esc to quit)
Aiming: Corrosive Bolt
Press: ? - help, Shift-Dir - straight line, f - spark wasp
Aim: a spark wasp (heavily wounded)
The bolt of acid hits the spark wasp!
The spark wasp is splashed with acid.
The spark wasp is severely wounded.
The spark wasp stings you!
* * * LOW HITPOINT WARNING * * *
The spark wasp shocks you!
You die...
Your body glows with a rainbow of weird colours and disappears.

▒ . ..# ▒ ▒▒
▒.▒ .. . ▒░
..▒ .. .##.#
..▒ .▒.▒▒▒.
...#
░#..▒▒▒.....
.. ░ ▒..
...##.# ▓ ░
.. .
▒.....#X▓ ..
▒...▒.▒#y.#
# . .░
..▒▒§▒@#.# #
. ▒▓ ▒
▒▒▒▒.#
▒.▒.#.. . .
.§ ▒ ▒.▒ > #
.▒ . .▒ # ▒


You could see a tentacled starspawn and a spark wasp.

Vanquished Creatures
  A tentacled starspawn (Abyss:1)
  Gastronok (Lair:2)
  2 starcursed masses (Abyss:1)
  A two-headed ogre (D:10)
  A thrashing horror (Abyss:1)
  A wretched star (Abyss:1)
  2 unseen horrors (D:10)
  A harpy (D:10)
  An ugly thing (D:11)
  A wolf spider zombie (Abyss:1)
  3 elephants (Lair:3)
  A black mamba (D:10)
  An orange demon (Abyss:1)
  4 spiny frogs
  An efreet (Abyss:1)
  3 komodo dragons
  An ancient zyme (Abyss:1)
  A troll (D:10)
  A basilisk (D:7)
  A meliai (D:11)
  8 blink frogs (Lair:1)
  6 hippogriffs
  10 yaks
  A wyvern (D:10)
  A fire bat (D:10)
  A human (D:10)
  A chaos spawn (Abyss:1)
  2 hungry ghosts
  3 large abominations (Abyss:1)
  A neqoxec (Abyss:1)
  A soldier ant (D:7)
  7 water moccasins
  5 porcupines
  4 orc warriors
  A sky beast (D:7)
  An eye of draining (shapeshifter) (Abyss:1)
  5 ice beasts
  3 ogres
  A black bear (D:6)
  2 phantoms
  A necrophage (D:7)
  3 wolves (Lair:3)
  6 centaurs
  4 crocodiles
  12 bullfrogs
  A water moccasin zombie (D:7)
  5 scorpions
  6 killer bees
  3 howler monkeys
  4 small abominations (Abyss:1)
  7 wights
  6 crimson imps
  A centaur zombie (D:6)
  2 bullfrog zombies
  A quasit (D:10)
  4 hounds
  Crazy Yiuf (D:2)
  A bullfrog skeleton (D:10)
  4 centaur skeletons
  An orc priest (D:9)
  An iron imp (Abyss:1)
  2 jellies
  2 iguanas
  8 orc wizards
  13 worker ants
  A worker ant zombie (D:8)
  A howler monkey skeleton (D:4)
  6 gnolls
  9 adders
  An ooze (D:4)
  2 adder skeletons
  A worm (D:3)
  A dart slug (D:1)
  3 leopard geckos
  23 orcs
  7 giant cockroaches
  9 hobgoblins
  8 jackals
  3 quokkas
  5 bats
  6 frilled lizards
  A giant cockroach zombie (D:6)
  10 goblins
  10 kobolds
  3 leopard gecko skeletons
  A leopard gecko zombie (D:2)
  A quokka zombie (D:9)
  8 rats
312 creatures vanquished.

Vanquished Creatures (others)
  2 meliai (D:11)
  2 hornets
  Eustachio (D:4)
  An orc warrior (D:10)
  A centaur (D:11)
  A crimson imp (D:10)
  An orc wizard (D:10)
  An adder (D:8)
  A ball lightning (D:8)
  3 orcs
  2 jackals (D:8)
  4 plants (D:10)
  4 starspawn tentacles (Abyss:1)
24 creatures vanquished.

Grand Total: 336 creatures vanquished

Notes
Turn   | Place    | Note
-------+----------+-------------------------------------------
     0 | D:1      | silenth the Demonspawn Fighter began the quest for the Orb.
     0 | D:1      | Reached XP level 1. HP: 18/18 MP: 1/1
   179 | D:1      | Reached skill level 2 in Maces & Flails
   339 | D:1      | Gained mutation: Your movements are slightly less
                  | encumbered by armour. (ER -2) [demonic ancestry]
   339 | D:1      | Reached XP level 2. HP: 18/24 MP: 2/2
  1001 | D:2      | Reached XP level 3. HP: 16/29 MP: 3/3
  1171 | D:2      | Found a hazy altar of Hepliaklqana.
  1172 | D:2      | Found a shimmering altar of Xom.
  1182 | D:2      | Found a bloodstained altar of Trog.
  1427 | D:2      | Found a runed translucent door.
  1428 | D:2      | Noticed Crazy Yiuf
  1527 | D:2      | Reached skill level 3 in Maces & Flails
  1548 | D:2      | Gained mutation: Your flesh is cold resistant. (rC+)
                  | [demonic ancestry]
  1548 | D:2      | Reached XP level 4. HP: 27/35 MP: 4/4
  1559 | D:2      | Reached skill level 1 in Dodging
  1559 | D:2      | Reached skill level 1 in Stealth
  2177 | D:2      | Killed Crazy Yiuf
  2177 | D:2      | Gained mutation: You are immune to freezing clouds.
                  | [demonic ancestry]
  2177 | D:2      | Reached XP level 5. HP: 42/42 MP: 5/5
  2819 | D:3      | Learned a level 1 spell: Confusing Touch
  3016 | D:4      | Found a glowing silver altar of Zin.
  3060 | D:4      | Reached skill level 4 in Fighting
  3299 | D:4      | Found a radiant altar of Vehumet.
  3325 | D:4      | Noticed an ogre
  3347 | D:4      | Killed an ogre
  3347 | D:4      | Reached skill level 4 in Maces & Flails
  3347 | D:4      | Reached skill level 2 in Dodging
  3347 | D:4      | Reached skill level 2 in Stealth
  3347 | D:4      | Reached skill level 1 in Evocations
  3347 | D:4      | Reached XP level 6. HP: 31/48 MP: 6/6
  3716 | D:4      | Found a staircase to the Ecumenical Temple.
  3722 | Temple   | Entered the Ecumenical Temple
  3813 | Temple   | Became a worshipper of Nemelex Xobeh the Trickster
  3850 | D:4      | Received a gift from Nemelex Xobeh
  4061 | D:4      | Reached skill level 1 in Invocations
  4339 | D:4      | Found a blossoming altar of Fedhas.
  4368 | D:4      | Noticed Eustachio
  4379 | D:4      | Gained mutation: You have a pair of small antennae on your
                  | head. [demonic ancestry]
  4379 | D:4      | Reached XP level 7. HP: 48/55 MP: 8/8
  4458 | D:4      | Killed Eustachio
  4458 | D:4      | Reached skill level 5 in Maces & Flails
  4458 | D:4      | Reached skill level 2 in Invocations
  4458 | D:4      | Reached skill level 2 in Evocations
  4660 | D:5      | Entered Level 5 of the Dungeon
  4797 | D:5      | Found a burning altar of Makhleb.
  4930 | D:5      | Reached skill level 5 in Fighting
  5087 | D:5      | Reached skill level 3 in Invocations
  5305 | D:5      | Reached * piety under Nemelex Xobeh
  5364 | D:5      | Gained mutation: You are slightly more attuned to the
                  | shadows. [demonic ancestry]
  5364 | D:5      | Reached XP level 8. HP: 62/62 MP: 10/10
  5376 | D:5      | Received a gift from Nemelex Xobeh
  5641 | D:6      | Reached skill level 6 in Maces & Flails
  5855 | D:6      | Reached skill level 3 in Shields
  5885 | D:6      | Reached skill level 4 in Invocations
  6185 | D:6      | Found an iron altar of Okawaru.
  6231 | D:6      | Received a gift from Nemelex Xobeh
  6270 | D:6      | Found a glowing golden altar of the Shining One.
  6574 | D:7      | Reached skill level 3 in Dodging
  6626 | D:7      | Noticed a hornet
  6626 | D:7      | a hog changed into a hornet
  6632 | D:7      | Reached skill level 5 in Invocations
  6650 | D:7      | Reached skill level 6 in Fighting
  6650 | D:7      | Reached skill level 7 in Maces & Flails
  6658 | D:7      | Killed a basilisk
  6658 | D:7      | Reached XP level 9. HP: 60/69 MP: 12/12
  6736 | D:7      | Reached skill level 4 in Shields
  6815 | D:7      | Found an opulent altar of Gozag.
  6872 | D:7      | Found a deep blue altar of Sif Muna.
  7133 | D:7      | Reached skill level 6 in Invocations
  7233 | D:7      | Reached skill level 4 in Dodging
  7801 | D:8      | Reached skill level 8 in Maces & Flails
  8022 | D:8      | Received a gift from Nemelex Xobeh
  8052 | D:8      | Reached ** piety under Nemelex Xobeh
  8310 | D:8      | Found a basalt altar of Yredelemnul.
  8384 | D:8      | Found Huoxoizu's Antique Armour Shoppe.
  8390 | D:8      | Bought a runed hat for 196 gold pieces
  8612 | D:9      | Found Ucvoustre's Jewellery Boutique.
  8634 | D:9      | Found a shattered altar of Ashenzari.
  8652 | D:9      | Reached skill level 3 in Stealth
  8681 | D:9      | Received a gift from Nemelex Xobeh
  8804 | D:9      | Found Rodalih's Antique Armour Boutique.
  8849 | D:9      | Found Fifyu's General Store.
  8906 | D:9      | Reached skill level 7 in Fighting
  8910 | D:9      | Found Ettucou's Distillery.
  8918 | D:9      | Bought a potion of degeneration for 13 gold pieces
  8923 | D:9      | Found a basalt altar of Yredelemnul.
  9028 | D:9      | Gained mutation: You have a pair of antennae on your head.
                  | [demonic ancestry]
  9028 | D:9      | Reached XP level 10. HP: 79/79 MP: 15/15
  9099 | D:9      | Found a staircase to the Orcish Mines.
  9106 | D:9      | Reached skill level 7 in Invocations
  9278 | D:9      | Reached *** piety under Nemelex Xobeh
  9335 | D:9      | Found Tayvve's Assorted Antiques.
  9341 | D:9      | Bought a scroll labeled LIUTOLLUPP for 31 gold pieces
  9482 | D:10     | Entered Level 10 of the Dungeon
  9580 | D:10     | Noticed a two-headed ogre
  9657 | D:10     | Killed a two-headed ogre
  9657 | D:10     | Reached skill level 9 in Maces & Flails
  9941 | D:10     | Received a gift from Nemelex Xobeh
  9983 | D:10     | Found an iron altar of Okawaru.
 10016 | D:10     | Reached skill level 4 in Stealth
 10052 | D:10     | Killed an unseen horror
 10054 | D:10     | Reached skill level 8 in Invocations
 10388 | D:10     | Found Cirer's Food Shoppe.
 10420 | D:10     | Received a gift from Nemelex Xobeh
 10801 | D:10     | Found a staircase to the Lair.
 10951 | D:10     | Reached skill level 3 in Armour
 10995 | D:10     | Reached skill level 8 in Fighting
 11372 | D:11     | Noticed a black mamba
 11372 | D:11     | a yak changed into a black mamba
 11372 | D:11     | Noticed a harpy
 11372 | D:11     | a yak changed into a harpy
 11384 | D:10     | Killed a black mamba
 11384 | D:10     | Reached skill level 10 in Maces & Flails
 11642 | D:11     | Gained mutation: You are significantly more attuned to the
                  | shadows. [demonic ancestry]
 11642 | D:11     | Reached XP level 11. HP: 59/86 MP: 17/17
 12035 | D:11     | Reached skill level 9 in Invocations
 12418 | D:11     | Noticed an unseen horror
 12447 | D:10     | Killed a harpy
 12541 | D:10     | Killed an unseen horror
 12541 | D:10     | Reached skill level 3 in Evocations
 12544 | D:10     | Reached skill level 5 in Dodging
 12639 | D:11     | Reached skill level 4 in Armour
 12980 | D:11     | Received a gift from Nemelex Xobeh
 13053 | D:11     | Reached **** piety under Nemelex Xobeh
 13074 | D:11     | Got a steaming flail
 13075 | D:11     | Identified the +5 flail of the First Demons {crush, MR-
                  | Str+8 Dex+3} (You found it on level 11 of the Dungeon)
 13125 | D:11     | Noticed a red ugly thing
 13145 | D:11     | Killed a red ugly thing
 13483 | Lair:1   | Entered Level 1 of the Lair of Beasts
 13726 | Lair:1   | Received a gift from Nemelex Xobeh
 14259 | Lair:1   | Got a faintly humming leather armour
 14270 | Lair:1   | Identified the cursed +1 leather armour "Hejolech" {rN+}
                  | (You found it on level 1 of the Lair of Beasts)
 14324 | Lair:1   | Reached skill level 9 in Fighting
 14324 | Lair:1   | Reached skill level 11 in Maces & Flails
 14327 | Lair:1   | Reached skill level 10 in Invocations
 14564 | Lair:1   | Reached skill level 5 in Armour
 14919 | Lair:1   | You fall through a shaft!
 15309 | Lair:2   | Found a staircase to the Shoals.
 15320 | Lair:2   | Reached XP level 12. HP: 94/95 MP: 19/19
 15453 | Lair:2   | Received a gift from Nemelex Xobeh
 15489 | Lair:2   | Noticed Gastronok
 15500 | Lair:2   | Killed Gastronok
 16662 | Lair:3   | Received a gift from Nemelex Xobeh
 16740 | Lair:3   | Reached skill level 5 in Stealth
 16740 | Lair:3   | Reached skill level 11 in Invocations
 16991 | Lair:3   | Reached skill level 12 in Maces & Flails
 17092 | Lair:3   | Received a gift from Nemelex Xobeh
 17122 | Lair:3   | Reached ***** piety under Nemelex Xobeh
 17201 | Lair:3   | Noticed Sonja
 17209 | Lair:3   | Cast into level 1 of the Abyss (Sonja)
 17346 | Abyss:1  | Found a corrupted altar of Lugonu.
 17604 | Abyss:1  | Reached skill level 10 in Fighting
 17889 | Abyss:1  | Noticed a tentacled starspawn
 17907 | Abyss:1  | Noticed a starcursed mass
 17972 | Abyss:1  | Noticed a starcursed mass
 17995 | Abyss:1  | Killed a starcursed mass
 18139 | Abyss:1  | Noticed a tentacled starspawn
 18145 | Abyss:1  | Killed a tentacled starspawn
 18145 | Abyss:1  | Reached skill level 6 in Dodging
 18194 | Abyss:1  | Noticed a spark wasp
 18202 | Abyss:1  | Noticed a tentacled starspawn
 18203 | Abyss:1  | HP: 4/98 [spark wasp (shapeshifter) (14)]
 18203 | Abyss:1  | Mangled by a spark wasp (shapeshifter)

Levels and vault maps discovered:
D:1:      dpeg_arrival_tiny_a, layout_loops_corners, st_stairs_13,
          grunt_decor_cap
D:2:      layout_rooms, chequers_temple_overflow_statue_of_worship,
          uniq_crazy_yiuf_cottage
D:3:      layout_basic
D:4:      layout_cave_pods, fedhas_altar_4, lemuel_doored_altar, vehumet_statue,
          minmay_temple_entry_hall, first_ration, uniq_eustachio
D:5:      layout_cave_pods, grunt_ministairs_6, bloody_makhleb
D:6:      layout_rooms, kennysheep_mini_moat, marbit_many_paths
D:7:      layout_loops_ring, nicolae_gozag_seed_capital, old_standard_altar,
          grunt_livestock
D:8:      layout_cave_pools, basic_altar, serial_shops, nicolae_shop_trees
D:9:      layout_gridville, overflow_temple_1_default, evilmike_ruin_ashenzari,
          orc_0_dummy, serial_shops, shop, shop, nicolae_shop_stone, shop,
          nicolae_shop_waterfront, grunt_decor_mini_mirrors
D:10:     layout_basic, david_lair_shrubbed, serial_shops, shop,
          okawaru_metal_pillars_1_2
D:11:     layout_cave_pools
Temple:   compressed_dpeg_circular_temple
Lair:1:   layout_cave_pods, nicolae_quartered_pool_little, lemuel_fruit_fields,
          lemuel_fruit_fields
Lair:2:   layout_regular_city, elwin_shoals_entry_rooms,
          eino_small_chamber_without_monster, serial_bayou_pond_e,
          chequers_serial_rivers_micro_d, chequers_serial_rivers_micro_e,
          uniq_gastronok
Lair:3:   layout_regular_city, grunt_megastairs_3, uniq_sonja
Abyss:1

Skill      XL: |  1  2  3  4  5  6  7  8  9 10 11 12 |
---------------+-------------------------------------+-----
Maces & Flails | 2 3 4 5 7 8 10 11 12 | 12.6
Dodging        | 1 2 3 4 5 6 |  6.1
Stealth        | 1 2 3 4 5 |  5.0
Fighting       | 4 5 6 7 8 9 10 | 10.3
Evocations     | 1 2 3 |  3.0
Invocations    | 1 3 5 6 8 10 11 | 11.8
Shields        | 3 4 |  4.3
Armour         | 3 5 |  5.0

Action                   |  1- 3 |  4- 6 |  7- 9 | 10-12 || total
-------------------------+-------+-------+-------+-------++-------
Melee: Flail             |   134 |   253 |   503 |   798 ||  1688
 Cast: Confusing Touch   |       |       |     1 |     1 ||     2
Invok: Triple Draw       |       |       |       |     1 ||     1
 Abil: Draw Destruction  |       |     2 |     5 |    15 ||    22
       Draw Escape       |       |       |     1 |     1 ||     2
Evoke: Wand              |       |       |     4 |     1 ||     5
  Use: Potion            |       |     2 |       |     2 ||     4
       Scroll            |       |     1 |    16 |    13 ||    30
 Stab: Sleeping          |       |     1 |     8 |    13 ||    22
       Distracted        |       |       |     1 |     6 ||     7
  Eat: Chunk             |     2 |     6 |    12 |     3 ||    23
       Ration            |       |     1 |     3 |     8 ||    12
Armor: Scale mail        |    58 |       |       |       ||    58
       Chain mail        |    21 |   122 |       |       ||   143
       Ring mail         |       |    48 |   219 |   356 ||   623
Dodge: Dodged            |    41 |    78 |   237 |   491 ||   847
Block: Shield            |    68 |   110 |   234 |       ||   412
       Buckler           |       |       |    13 |   289 ||   302
       Reflection        |       |       |       |     2 ||     2

Table legend:
 A = Non-vault XP
 B = Vault XP
 C = Vault XP percentage of total XP
 D = Non-vault monster count
 E = Vault monster count
 F = Vault count percentage of total count
                 A         B        C        D         E       F
            +---------+---------+-------+---------+---------+-------
      Total |   34127 |    3833 |  10.1 |     311 |      16 |   4.9
            +---------+---------+-------+---------+---------+-------
        D:1 |      23 |       1 |   4.2 |      13 |       1 |   7.1
        D:2 |     132 |      41 |  23.7 |      25 |       1 |   3.8
        D:3 |      77 |       0 |   0.0 |      23 |       0 |   0.0
        D:4 |     471 |     197 |  29.5 |      27 |       1 |   3.6
        D:5 |     408 |      85 |  17.2 |      12 |       2 |  14.3
        D:6 |     864 |       0 |   0.0 |      21 |       0 |   0.0
        D:7 |    1287 |     666 |  34.1 |      19 |       5 |  20.8
        D:8 |     648 |       0 |   0.0 |      14 |       0 |   0.0
        D:9 |     989 |       0 |   0.0 |      16 |       0 |   0.0
       D:10 |    5996 |     350 |   5.5 |      39 |       1 |   2.5
       D:11 |    4062 |       0 |   0.0 |      36 |       0 |   0.0
     Lair:1 |    4260 |       0 |   0.0 |      16 |       0 |   0.0
     Lair:2 |    2044 |    1995 |  49.4 |      12 |       1 |   7.7
     Lair:3 |    4400 |     498 |  10.2 |      17 |       4 |  19.0
    Abyss:1 |    8466 |       0 |   0.0 |      21 |       0 |   0.0
            +---------+---------+-------+---------+---------+-------
